 Dungeon Crawl Stone Soup version 0.21-a0-474-g05767a10c8 (webtiles) character file.

28983 Kaname the Destroyer (level 13, -29/147 HPs)
             Began as a Demonspawn Wizard on Nov 22, 2017.
             Was a High Priest of Vehumet.
             Killed from afar by a frost giant (32 damage)
             ... with a bolt of cold
             ... in an ice cave.
             The game lasted 01:34:10 (18163 turns).

Kaname the Destroyer (Demonspawn Wizard)           Turns: 18163, Time: 01:34:10

Health: -29/147    AC: 14    Str: 12    XL:     13   Next: 12%
Magic:  19/23      EV: 12    Int: 27    God:    Vehumet [*****.]
Gold:   1338       SH:  0    Dex: 13    Spells: 2/26 levels left

rFire    + . .     SeeInvis .   f - +3 rapier (protect)
rCold    + . .     Gourm    +   (no shield)
rNeg     . . .     Faith    .   c - +0 troll leather armour
rPois    +         Spirit   .   b - +0 hat
rElec    +         Reflect  .   y - scarf {cloud immunity}
rCorr    +         Harm     .   j - +2 pair of gloves
MR       .....                  (boots unavailable)
Stlth    ..........             g - amulet of the gourmand
HPRegen  0.74/turn              o - +3 ring of intelligence
MPRegen  0.18/turn              a - +3 ring of slaying

@: berserking (expiring), resistant, protection aura, very quick
A: hooves 3, demonic guardian 2, mutation resistance 1, spiny 1, sturdy frame 1
a: Renounce Religion


You were in an ice cave.
You worshipped Vehumet.
Vehumet was extremely pleased with you.
You were not hungry.

You visited 3 branches of the dungeon, and saw 15 of its levels.
You also visited: Sewer, Ossuary and Ice Cave.

You collected 1796 gold pieces.
You spent 458 gold pieces at shops.

Inventory:

Hand Weapons
 f - a +3 rapier of protection (weapon)
Missiles
 H - 2 throwing nets (quivered)
Armour
 b - a +0 hat (worn)
 c - a +0 troll leather armour (worn)
 j - a +2 pair of gloves (worn)
 y - a scarf of cloud immunity (worn)
Jewellery
 a - a +3 ring of slaying (right hand)
 g - an amulet of the gourmand (around neck)
 o - a +3 ring of intelligence (left hand)
 A - an uncursed ring of stealth
Wands
 m - a wand of paralysis (11)
 u - a wand of enslavement (30)
 B - a wand of iceblast (12)
 G - a wand of polymorph (12)
 P - a wand of disintegration (4)
Scrolls
 i - 7 scrolls of remove curse
 k - 8 scrolls of teleportation
 l - a scroll of enchant weapon
 n - 4 scrolls of immolation
 s - a scroll of acquirement
 C - a scroll of brand weapon
 E - a scroll of torment
 K - a scroll of identify
 T - 4 scrolls of fog
Potions
 e - 4 potions of ambrosia
 h - 2 potions of lignification
 p - 2 potions of brilliance
 r - 5 potions of might
 t - 3 potions of magic
 v - a potion of mutation
 x - 2 potions of agility
 D - 3 potions of cancellation
 I - 2 potions of resistance
 O - 3 potions of curing
Books
 z - a book of Misfortune

   Spells                             Type                      Level
   a - Confusing Touch                Hexes                        1
   b - Confuse                        Hexes                        3
   c - Gell's Gravitas                Translocation                3
   d - Petrify                        Transmutation/Earth          4
   e - Metabolic Englaciation         Hexes/Ice                    5
   f - Yara's Violent Unravelling     Hexes/Transmutation          5
 J - a book of the Earth

   Spells                             Type                      Level
   a - Leda's Liquefaction            Hexes/Earth                  4
   b - Bolt of Magma                  Conjuration/Fire/Earth       5
   c - Statue Form                    Transmutation/Earth          6
   d - Iron Shot                      Conjuration/Earth            6
   e - Shatter                        Earth                        9
 R - a book of Maledictions

   Spells                             Type                      Level
   a - Corona                         Hexes                        1
   b - Ensorcelled Hibernation        Hexes/Ice                    2
   c - Confuse                        Hexes                        3
   d - Tukima's Dance                 Hexes                        3
   e - Dazzling Spray                 Conjuration/Hexes            3
Comestibles
 d - 8 bread rations
 q - 2 royal jellies
 F - 6 meat rations


   Skills:
 - Level 8.2 Fighting
 - Level 8.5 Short Blades
 - Level 1.7 Dodging
 + Level 8.0 Stealth
 - Level 7.0 Spellcasting
 - Level 10.1 Conjurations
 * Level 3.8 Summonings
 - Level 2.0 Translocations
 - Level 6.0 Fire Magic
 - Level 6.0 Ice Magic
 - Level 4.3 Air Magic
 - Level 4.0 Poison Magic


You had 2 spell levels left.
You knew the following spells:

 Your Spells              Type           Power        Failure   Level  Hunger
a - Ensorcelled Hibernat  Hex/Ice        ####..       2%          2    None
b - Blink                 Tloc           N/A          3%          2    None
c - Mephitic Cloud        Conj/Pois/Air  #####...     1%          3    None
d - Fireball              Conj/Fire      ######....   1%          5    #####..
e - Spellforged Servitor  Conj/Summ      #####.....   54%         7    #######
f - Iskenderun's Battles  Conj/Chrm      #####...     5%          5    #####..


Dungeon Overview and Level Annotations

Branches:
Dungeon (12/15)            Temple (0/1) D:7            Lair (1/6) D:8
    Orc (2/2) D:12            Elf (0/3) Orc:2

Altars:
Fedhas
Gozag
Hepliaklqana
Nemelex Xobeh
Okawaru
Qazlal
Ru
Sif Muna
Vehumet
Wu Jian
The Shining One

Shops:
D:5 (   D:9 ?   D:11 [


Innate Abilities, Weirdness & Mutations

You have hooves in place of feet.
A demonic guardian rushes to your aid.
You are partially covered in sharp spines.
Your movements are slightly less encumbered by armour. (ER -2)
You are somewhat resistant to further mutation.


Message History

You barely miss the frost giant.
The frost giant is moderately wounded.
The frost giant gestures at you while chanting.
The bolt of cold misses you.
You completely miss the frost giant.
The frost giant is moderately wounded.
Your orange demon stings the frost giant from afar.
The frost giant looks as sick as possible!
Your orange demon poisons the frost giant!
You hit the frost giant.
Your weapon exudes an aura of protection.
The frost giant is heavily wounded.
The frost giant gestures at you while chanting.
The bolt of cold hits you! You resist.
* * * LOW HITPOINT WARNING * * *
Your orange demon stings the frost giant but does no damage.
You feel a strong urge to attack something.
The frost giant casts a spell at you. The bolt of cold hits your sixfirhy.
The bolt of cold hits you! You resist.
You die... ## ### #: .## ##(# .$ #.## #..##### .## ...## ###....### .h. ###.# ###.4..#...## h.Y

##..#
##.....####..###..Y
#..##
###..3.C#####†.##C.h#
.###
##...@#####.#.###..###
..# ##....##
#.⌠...###k.# .##
##...### ##...#.#.###
## #.÷#########
######.## #
##÷.÷##....### ### #
####....#...### #
#######....### ###
#### ####...##
..######..###
##...####


You could see a frost giant, a friendly orange demon and a friendly sixfirhy.

Vanquished Creatures
  An orc warlord (Orc:1)
  Harold (D:10)
  The ghost of Kaname the Destroyer, a journeyman DsWz of Vehumet (D:12)
  A two-headed ogre (D:10)
  An unseen horror (D:12)
  An orc knight (Orc:1)
  An orc sorcerer (Orc:1)
  2 ugly things
  2 cyclopes
  An ice statue (IceCv)
  A gargoyle (D:6)
  A kobold demonologist (D:6)
  13 polar bears (IceCv)
  3 trolls
  A hornet (D:11)
  3 wargs
  17 yaks
  A wyvern (D:6)
  A hungry ghost (D:7)
  The ghost of GordonOverkill the Shield-Bearer, an amateur BaFi (Sewer)
  A steam dragon (D:9)
  A soldier ant (D:6)
  A porcupine (D:8)
  19 orc warriors
  A black bear (D:8)
  9 ice beasts
  11 ogres
  2 phantoms
  3 sky beasts
  17 wolves (IceCv)
  4 centaurs
  The ghost of Kaname the Conjurer, an amateur DsWz (D:5)
  A crocodile (D:9)
  5 big kobolds
  8 bullfrogs
  A wyvern zombie (D:6)
  A wyvern skeleton (D:9)
  3 scorpions
  17 killer bees
  4 wights (D:8)
  2 howler monkeys
  3 crimson imps
  A quasit (D:11)
  6 hounds
  4 jellies
  11 orc priests
  6 iguanas
  7 orc wizards
  A bullfrog skeleton (D:5)
  Jessica (D:2)
  Terence (D:2)
  Natasha (thrice) (D:2)
  6 worker ants
  A big kobold zombie (Ossuary)
  2 hound zombies
  2 hound skeletons
  2 mummies (Ossuary)
  A worker ant zombie (D:10)
  5 gnolls
  17 adders
  A river rat (Sewer)
  4 shadow imps
  4 oozes
  9 adder zombies
  An adder skeleton (D:7)
  5 worms
  A dart slug (D:1)
  5 leopard geckos
  50 orcs
  9 giant cockroaches
  10 goblins
  7 hobgoblins
  15 jackals
  20 kobolds
  3 quokkas
  4 ball pythons
  6 bats
  7 frilled lizards
  7 hobgoblin zombies (Ossuary)
  A jackal skeleton (D:5)
  4 kobold zombies (Ossuary)
  A leopard gecko skeleton (D:6)
  3 orc zombies (Ossuary)
  2 quokka skeletons
  A quokka zombie (D:5)
  16 rats
  A plant (D:8)
443 creatures vanquished.

Vanquished Creatures (collateral kills)
  Donald (Orc:2)
  An orc warlord (Orc:1)
  The ghost of GordonOverkill the Severer, a journeyman DDGl of Makhleb (D:12)
  An orc knight (Orc:1)
  An orc sorcerer (Orc:1)
  3 polar bears (IceCv)
  A hippogriff (D:7)
  A wyvern (D:11)
  The ghost of NihilVerum the Firebug, an amateur OgFE (D:4)
  9 yaks
  A hungry ghost (D:7)
  2 wargs
  6 orc warriors (Orc:1)
  A wolf (IceCv)
  2 ogres
  2 bullfrogs
  A wight (D:8)
  2 howler monkeys (D:11)
  A hound (D:11)
  An orc wizard (Orc:1)
  3 orcs
42 creatures vanquished.

Vanquished Creatures (others)
  A polar bear (IceCv)
  A warg (D:12)
  A jackal (D:2)
  11 fungi (D:8)
14 creatures vanquished.

Grand Total: 499 creatures vanquished

Notes
Turn   | Place    | Note
-------+----------+-------------------------------------------
     0 | D:1      | Kaname the Demonspawn Wizard began the quest for the Orb.
     0 | D:1      | Reached XP level 1. HP: 13/13 MP: 4/4
   298 | D:1      | Reached skill level 2 in Conjurations
   304 | D:1      | Gained mutation: You have large cloven feet. [demonic ancestry]
   304 | D:1      | Reached XP level 2. HP: 19/19 MP: 0/6
   955 | D:2      | Reached skill level 3 in Conjurations
   955 | D:2      | Reached XP level 3. HP: 24/24 MP: 2/7
  1343 | D:1      | Learned a level 2 spell: Blink
  1347 | D:1      | Learned a level 3 spell: Mephitic Cloud
  1839 | D:2      | Found an iron altar of Okawaru.
  1869 | D:2      | Reached skill level 4 in Conjurations
  1869 | D:2      | Reached XP level 4. HP: 30/30 MP: 0/8
  1915 | D:2      | Noticed Jessica
  1925 | D:2      | Killed Jessica
  1925 | D:2      | Reached skill level 1 in Poison Magic
  2275 | D:2      | Noticed Natasha
  2290 | D:2      | Killed Natasha
  2398 | D:2      | Noticed Terence
  2413 | D:2      | Killed Terence
  2413 | D:2      | Gained mutation: A weak demonic guardian rushes to your aid. [demonic ancestry]
  2413 | D:2      | Reached XP level 5. HP: 33/35 MP: 0/9
  2513 | D:2      | Found a radiant altar of Vehumet.
  2522 | D:2      | Became a worshipper of Vehumet
  2543 | D:2      | Found a hazy altar of Hepliaklqana.
  2610 | D:2      | Noticed Natasha
  2615 | D:2      | Killed Natasha
  2772 | D:2      | Found a hazy altar of Hepliaklqana.
  2828 | D:2      | Found a radiant altar of Vehumet.
  2958 | D:2      | Found an iron altar of Okawaru.
  2961 | D:2      | Noticed Natasha
  2964 | D:2      | Killed Natasha
  3196 | D:3      | Found a deep blue altar of Sif Muna.
  3350 | D:3      | Reached skill level 1 in Air Magic
  3401 | D:3      | Found an opulent altar of Gozag.
  3453 | D:3      | Gained mutation: You have hoof-like feet. [demonic ancestry]
  3453 | D:3      | Reached XP level 6. HP: 41/41 MP: 6/10
  3473 | D:3      | Found a blossoming altar of Fedhas.
  3476 | D:3      | Found a glowing golden altar of the Shining One.
  3704 | D:4      | Reached * piety under Vehumet
  3704 | D:4      | Offered knowledge of Sting by Vehumet.
  3717 | D:4      | Found a sparkling altar of Nemelex Xobeh.
  3770 | D:4      | Noticed NihilVerum's ghost (amateur OgFE)
  3785 | D:4      | Killed NihilVerum's ghost
  4242 | D:4      | Found an iron altar of Okawaru.
  4508 | D:4      | Gained mutation: Your movements are slightly less encumbered by armour. (ER -2) [demonic ancestry]
  4508 | D:4      | Reached XP level 7. HP: 25/46 MP: 3/11
  4848 | D:5      | Entered Level 5 of the Dungeon
  4848 | D:5      | Found Heacsurph's Antique Weapon Shop.
  4888 | D:4      | Reached skill level 1 in Short Blades
  4980 | D:5      | Bought a glowing rapier for 147 gold pieces
  4996 | D:5      | Found a sand-covered staircase.
  5042 | D:5      | Learned a level 3 spell: Conjure Flame
  5043 | Ossuary  | Entered an ossuary
  5314 | Ossuary  | Reached ** piety under Vehumet
  5413 | Ossuary  | Offered knowledge of Flame Tongue by Vehumet.
  5413 | Ossuary  | Reached skill level 5 in Conjurations
  5842 | D:5      | Reached skill level 1 in Fire Magic
  6262 | D:5      | Reached skill level 1 in Translocations
  6262 | D:5      | Reached XP level 8. HP: 48/52 MP: 7/12
  6415 | D:5      | Noticed Kaname's ghost (amateur DsWz)
  6430 | D:5      | Killed Kaname's ghost
  6717 | D:6      | Found a glowing drain.
  6742 | Sewer    | Entered a sewer
  6742 | Sewer    | Noticed GordonOverkill's ghost (amateur BaFi)
  6754 | Sewer    | Killed GordonOverkill's ghost
  7297 | Sewer    | Reached skill level 6 in Conjurations
  7380 | Sewer    | Offered knowledge of Dazzling Spray by Vehumet.
  7862 | D:6      | Found Puvoam's Food Shop.
  7865 | D:6      | Reached *** piety under Vehumet
  8228 | D:6      | Reached skill level 7 in Conjurations
  8378 | D:6      | Found a sacrificial altar of Ru.
  8552 | D:6      | Gained mutation: You are partially covered in sharp spines. [demonic ancestry]
  8552 | D:6      | Reached XP level 9. HP: 57/57 MP: 8/13
  9212 | D:7      | Found a staircase to the Ecumenical Temple.
  9272 | D:7      | Reached skill level 5 in Short Blades
  9318 | D:7      | Reached skill level 5 in Stealth
  9438 | D:7      | Offered knowledge of Force Lance by Vehumet.
  9525 | D:7      | Found a stormy altar of Qazlal.
  9767 | D:7      | Learned a level 4 spell: Force Lance
 10025 | D:6      | Noticed a kobold demonologist
 10048 | D:6      | Killed a kobold demonologist
 10053 | D:6      | Noticed a gargoyle
 10080 | D:6      | Killed a gargoyle
 10080 | D:6      | Reached skill level 5 in Spellcasting
 10096 | D:6      | Gained mutation: You have hooves in place of feet. [demonic ancestry]
 10096 | D:6      | Reached XP level 10. HP: 50/63 MP: 9/17
 10442 | D:8      | Found an ornate altar of the Wu Jian Council.
 10513 | D:8      | Reached **** piety under Vehumet
 10871 | D:8      | Reached skill level 8 in Conjurations
 10922 | D:8      | Offered knowledge of Iskenderun's Battlesphere by Vehumet.
 10932 | D:8      | Learned a level 5 spell: Iskenderun's Battlesphere
 11491 | D:8      | Found a staircase to the Lair.
 11830 | D:8      | Reached skill level 9 in Conjurations
 12247 | D:9      | Found Piocusuj's Magic Scroll Emporium.
 12253 | D:9      | Bought a scroll of identify for 26 gold pieces
 12253 | D:9      | Bought a scroll of fog for 26 gold pieces
 12253 | D:9      | Bought a scroll of identify for 26 gold pieces
 12253 | D:9      | Bought a scroll of identify for 26 gold pieces
 12253 | D:9      | Bought a scroll of identify for 26 gold pieces
 12253 | D:9      | Bought 3 scrolls of amnesia for 136 gold pieces
 12253 | D:9      | Bought a scroll of fear for 45 gold pieces
 12262 | D:9      | Learned a level 2 spell: Ensorcelled Hibernation
 13081 | D:10     | Entered Level 10 of the Dungeon
 13108 | D:10     | Noticed a two-headed ogre
 13123 | D:10     | Killed a two-headed ogre
 13123 | D:10     | Reached skill level 10 in Conjurations
 13364 | D:10     | Noticed Harold
 13383 | D:10     | Killed Harold
 13383 | D:10     | Gained mutation: A demonic guardian rushes to your aid. [demonic ancestry]
 13383 | D:10     | Reached XP level 11. HP: 68/68 MP: 15/18
 14063 | D:11     | Noticed a purple ugly thing
 14087 | D:11     | Killed a purple ugly thing
 14118 | D:11     | Gained mutation: You are somewhat resistant to further mutation. [mutagenic meat]
 14152 | D:11     | Reached ***** piety under Vehumet
 14207 | D:11     | Identified a scroll of acquirement
 14216 | D:11     | Learned a level 5 spell: Bolt of Magma
 14231 | D:11     | Offered knowledge of Fireball by Vehumet.
 14239 | D:11     | Learned a level 5 spell: Fireball
 14289 | D:11     | Found Ohoimaf's Antique Armour Emporium.
 14733 | D:12     | Noticed Kaname's ghost (journeyman DsWz)
 14938 | D:12     | Found a staircase to the Orcish Mines.
 15054 | D:12     | Noticed a red ugly thing
 15060 | D:12     | Killed Kaname's ghost
 15060 | D:12     | Reached skill level 5 in Fire Magic
 15064 | D:12     | Killed a red ugly thing
 15183 | D:12     | Noticed GordonOverkill's ghost (journeyman DDGl)
 15239 | D:12     | Killed GordonOverkill's ghost
 15408 | D:12     | Killed an unseen horror
 15410 | D:12     | Got a faintly glowing robe
 15421 | D:12     | Identified the +1 robe "Ecustrue" {-Cast rElec rC++ Slay+3} (You found it on level 12 of the Dungeon)
 15899 | Lair:1   | Entered Level 1 of the Lair of Beasts
 16068 | Orc:1    | Entered Level 1 of the Orcish Mines
 16074 | Orc:1    | Noticed an orc knight
 16184 | Orc:1    | Killed an orc knight
 16186 | Orc:1    | Reached skill level 5 in Ice Magic
 16186 | Orc:1    | Reached XP level 12. HP: 53/74 MP: 16/19
 16279 | Orc:1    | Noticed an orc warlord
 16300 | Orc:1    | Killed an orc warlord
 16494 | Orc:1    | Noticed an orc warlord
 16582 | Orc:1    | Killed an orc warlord
 16582 | Orc:1    | Reached skill level 5 in Fighting
 16823 | Orc:2    | Entered Level 2 of the Orcish Mines
 16823 | Orc:2    | Noticed Donald
 16900 | Orc:2    | Found a staircase to the Elven Halls.
 16922 | Orc:2    | Killed Donald
 17018 | Orc:2    | Found a frozen archway.
 17023 | Orc:2    | Offered knowledge of Spellforged Servitor by Vehumet.
 17089 | IceCv    | Entered an ice cave
 17406 | IceCv    | Learned a level 7 spell: Spellforged Servitor
 17570 | IceCv    | Reached XP level 13. HP: 98/98 MP: 14/23
 17884 | IceCv    | Noticed a frost giant
 18161 | IceCv    | HP: 2/147 [frost giant/bolt of cold (19)]
 18163 | IceCv    | Killed from afar by a frost giant

Vault maps used:
D:1:      minmay_arrival_shattered_statue, kennysheep_crisscross
D:2:      fiery_altar_vehumet, lemuel_crystal_altar, okawaru_ov_weapons_minmay,
          uniq_natasha, uniq_jessica, uniq_terence
D:3:      nicolae_overflow_crystal_walls, grunt_gozag_statues,
          gammafunk_temple_overflow_pools, first_bread
D:4:      overflow_temple_1_default, nemelex_xobeh_ov_fountains_minmay
D:5:      nicolae_ossuary_entry_false_entrances, serial_shops, shop, st_stairs_1
D:6:      minmay_klotski, basic_altar, portal_sewer_entry_d, serial_shops,
          kennysheep_little_box, minmay_misc_feat_iff
D:7:      grunt_qazlal_sundering, minmay_temple_entry_enclosed_plants,
          grunt_ogre_cave
D:8:      lemuel_round_altar, grunt_lair_entry_orc_guard_hut
D:9:      serial_shops, shop
D:10:     uniq_harold
D:11:     serial_shops, nicolae_shop_trees
D:12:     minmay_orc_entry_guard_dogs, spider_trap
Lair:1:   grunt_megastairs_1
Orc:1:    serial_shops
Orc:2:    st_orc_mages, portal_ice_cave_entry_ice_beasts, uniq_donald
Sewer:    sewer_co_tree
Ossuary:  ossuary_tomb_2
IceCv:    ice_cave_caverns_01

Skill      XL: |  1  2  3  4  5  6  7  8  9 10 11 12 13 |
---------------+----------------------------------------+-----
Conjurations   | 2 3 4 5 7 10 | 10.1
Poison Magic   | 2 4 |  4.0
Air Magic      | 1 4 |  4.3
Short Blades   | 2 4 6 8 |  8.5
Fire Magic     | 2 6 |  6.0
Translocations | 1 2 |  2.0
Stealth        | 3 6 7 8 |  8.0
Spellcasting   | 5 7 |  7.0
Ice Magic      | 2 5 6 |  6.0
Fighting       | 7 8 |  8.2
Summonings     | 2 3 |  3.8
Dodging        | |  1.7

Action                   |  1- 3 |  4- 6 |  7- 9 | 10-12 | 13-15 || total
-------------------------+-------+-------+-------+-------+-------++-------
Melee: Club              |     9 |       |       |       |       ||     9
       Dagger            |    16 |    45 |    16 |       |       ||    77
       Short sword       |     9 |       |       |       |       ||     9
       Kick              |     4 |    13 |    34 |    90 |    17 ||   158
       Rapier            |       |       |   136 |   459 |    66 ||   661
 Fire: Blowgun           |       |     4 |    27 |    43 |       ||    74
       Hunting sling     |       |       |    16 |    59 |       ||    75
 Cast: Magic Dart        |    74 |   115 |   367 |    79 |       ||   635
       Mephitic Cloud    |       |     2 |     2 |     7 |       ||    11
       Conjure Flame     |       |       |     8 |    12 |       ||    20
       Blink             |       |       |     1 |     4 |       ||     5
       Force Lance       |       |       |     3 |    11 |       ||    14
       Fireball          |       |       |       |    80 |    11 ||    91
       Ensorcelled Hiber |       |       |       |     1 |       ||     1
       Iskenderun's Batt |       |       |       |     1 |       ||     1
Evoke: Wand              |       |       |    22 |    15 |       ||    37
  Use: Scroll            |       |     7 |     6 |    22 |     2 ||    37
       Potion            |       |       |     1 |     9 |     3 ||    13
 Stab: Confused          |       |     2 |       |     3 |       ||     5
       Sleeping          |       |     1 |     5 |    12 |       ||    18
       Distracted        |       |     1 |     1 |     1 |       ||     3
  Eat: Chunk             |     3 |     7 |    13 |    34 |     9 ||    66
       Bread ration      |       |       |     1 |     3 |       ||     4
       Fruit             |       |       |     2 |     1 |       ||     3
Armor: Robe              |    11 |     4 |    76 |    16 |       ||   107
       Troll leather arm |       |       |       |   104 |    28 ||   132
Dodge: Dodged            |    28 |    23 |   111 |   240 |    36 ||   438

Table legend:
 A = Spawn XP
 B = Non-spawn XP
 C = Spawn XP percentage of total XP
 D = Spawn monster count
 E = Non-spawn monster count
 F = Spawn count percentage of total count
 G = Total turns spent on level
                    A         B        C        D         E        F      G
               +---------+---------+-------+---------+---------+-------+---------
         Total |       0 |   41405 |   0.0 |       0 |     485 |   0.0 | 18163
               +---------+---------+-------+---------+---------+-------+---------
           D:1 |       0 |      56 |   0.0 |       0 |      26 |   0.0 |  1435
           D:2 |       0 |     251 |   0.0 |       0 |      28 |   0.0 |  1614
           D:3 |       0 |      78 |   0.0 |       0 |      18 |   0.0 |   646
           D:4 |       0 |     622 |   0.0 |       0 |      21 |   0.0 |  1259
           D:5 |       0 |     526 |   0.0 |       0 |      22 |   0.0 |  1152
           D:6 |       0 |    2315 |   0.0 |       0 |      32 |   0.0 |  1594
           D:7 |       0 |    1519 |   0.0 |       0 |      20 |   0.0 |  1090
           D:8 |       0 |    2429 |   0.0 |       0 |      32 |   0.0 |  1709
           D:9 |       0 |    1583 |   0.0 |       0 |      19 |   0.0 |  1150
          D:10 |       0 |    2207 |   0.0 |       0 |      17 |   0.0 |   996
          D:11 |       0 |    3620 |   0.0 |       0 |      34 |   0.0 |   712
          D:12 |       0 |    4858 |   0.0 |       0 |      27 |   0.0 |  1181
         Orc:1 |       0 |    7375 |   0.0 |       0 |      58 |   0.0 |   691
         Orc:2 |       0 |    3642 |   0.0 |       0 |      28 |   0.0 |   235
         Sewer |       0 |     536 |   0.0 |       0 |      29 |   0.0 |  1026
       Ossuary |       0 |     113 |   0.0 |       0 |      24 |   0.0 |   597
         IceCv |       0 |    9675 |   0.0 |       0 |      50 |   0.0 |  1074
               +---------+---------+-------+---------+---------+-------+---------
